Map: Lost and Found LE

Players

Bly - Winner!

  • Race: Zerg Zerg
  • League: Master
  • Spawn Location: 7:00

GOStephano (Stephano)

  • Race: Zerg Zerg
  • Spawn Location: 1:00

Event: HomeStory Cup XVIII

VOD

Have the link to the VOD?

Description

Time

  • Played on: Nov. 23, 2018, 1:06 p.m.
  • Length: 33:57

All games in this series

Show
View Real Time Build Order
Export as new Build Order

Bly Zerg - Winner!

Build Orders: Hatch First, Muta Ling Bane 

Get SALT Encoding   

  12  0:01  Drone  
  13  0:12  Overlord  
  13  0:17  Drone  
  14  0:31  Drone x2  
  16  0:47  Hatchery  
  15  0:50  Drone  
  15  0:54  Drone  
  17  0:57  Drone  
  18  1:08  Extractor  
  17  1:12  Spawning Pool  
  17  1:15  Drone  
  17  1:19  Drone  
  18  1:27  Drone  
  19  1:38  Drone  
  20  1:49  Overlord  
  20  1:59  Queen x2  
  20  2:00  Zergling x4  
  26  2:10  Drone  
  26  2:11  Drone  
  26  2:13  Metabolic Boost  
  28  2:21  Drone  
  29  2:23  Drone  
  30  2:31  Drone  
  31  2:38  Hatchery  
  30  2:46  Baneling Nest  
  30  2:48  Overlord  
  30  2:50  Drone  
  30  2:54  Drone x2  
  32  3:03  Zergling x2  
  33  3:09  Zergling x2  
  33  3:10  Drone  
  33  3:11  Drone x3  
  38  3:13  Drone  
  38  3:16  Drone  
  40  3:23  Drone x3  
  43  3:30  Baneling x2  
  43  3:34  Overlord  
  43  3:40  Overlord  
  43  3:44  Drone  
  43  3:45  Overlord  
  43  3:56  Drone x6  
  49  4:04  Baneling x2  
  49  4:06  Zergling x6  
  52  4:12  Overlord  
  52  4:13  Lair  
  52  4:15  Extractor, Zergling x2  
  52  4:16  Extractor, Zergling x10  
  56  4:18  Evolution Chamber  
  53  4:26  Zergling x4  
  53  4:28  Drone x2  
  56  4:34  Drone  
  56  4:36  Extractor  
  56  4:39  Drone x2  
  56  4:44  Roach Warren  
  57  4:45  Zerg Melee Weapons Level 1  
  57  4:46  Overlord  
  57  4:52  Baneling  
  57  4:53  Baneling  
  57  4:54  Drone x7  
  57  4:57  Drone  
  65  5:00  Queen  
  65  5:05  Drone x2  
  69  5:08  Overlord  
  69  5:11  Overlord  
  67  5:21  Drone x3  
  67  5:22  Spire  
  67  5:24  Extractor x2  
  67  5:28  Zergling x2  
  63  5:31  Zergling x8  
  64  5:37  Baneling x2  
  64  5:41  Roach x5  
  64  5:42  Roach  
  76  5:45  Roach  
  78  5:50  Baneling x2  
  78  5:56  Drone x3  
  81  6:03  Overlord  
  81  6:13  Hatchery  
  81  6:15  Drone x3  
  81  6:16  Drone x5  
  88  6:23  Drone x5  
  92  6:30  Overlord  
  92  6:35  Mutalisk x2  
  92  6:37  Zerg Flyer Weapons Level 1  
  96  6:41  Mutalisk  
  96  6:44  Mutalisk  
  100  6:53  Mutalisk x4  
  108  6:55  Overlord  
  108  6:56  Drone x4  
  108  6:57  Drone x2  
  108  7:10  Mutalisk x2  
  108  7:12  Extractor, Drone x2  
  111  7:17  Extractor  
  111  7:19  Mutalisk  
  111  7:21  Mutalisk  
  114  7:23  Zergling x2  
  114  7:24  Overseer, Zergling x18  
  124  7:35  Zergling x6  
  124  7:36  Zergling x4  
  125  7:47  Mutalisk x3  
  128  7:51  Zergling x12  
  128  7:55  Mutalisk  
  134  8:00  Zerg Melee Weapons Level 2  
  134  8:02  Drone x3  
  126  8:08  Mutalisk  
  126  8:10  Drone x6  
  128  8:19  Mutalisk x2  
  132  8:24  Centrifical Hooks  
  132  8:25  Overlord  
  132  8:26  Overlord x2  
  132  8:30  Hatchery  
  132  8:31  Hatchery  
  132  8:32  Mutalisk  
  127  8:37  Zergling x2  
  127  8:38  Zergling x16  
  133  9:00  Mutalisk x6  
  133  9:14  Zergling x28  
  145  9:44  Mutalisk  
  145  9:45  Mutalisk x9  
  161  9:53  Baneling  
  161  9:54  Baneling x8  
  161  9:55  Zergling x2  
  161  9:56  Zergling x18  
  161  9:58  Overlord x5  
  156  10:08  Overseer, Mutalisk  
  156  10:09  Mutalisk x2  
  156  10:10  Zergling x8  
  166  10:19  Baneling x7  
  166  10:24  Zergling x20  
  166  10:25  Zergling x2  
  177  10:29  Baneling x5  
  164  10:47  Mutalisk x5  
  165  11:01  Zerg Flyer Weapons Level 2  
  157  11:04  Zergling x2  
  157  11:05  Zergling x38  
  157  11:09  Overseer  
  171  11:14  Mutalisk x3  
  171  11:17  Extractor, Drone x4  
  180  11:19  Extractor  
  167  11:33  Mutalisk  
  167  11:34  Mutalisk x4  
  176  11:40  Zergling x20  
  186  11:56  Pneumatized Carapace  
  186  11:57  Overseer x2  
  186  12:00  Overlord x2  
  186  12:07  Baneling  
  186  12:08  Baneling x12  
  184  12:18  Overlord  
  184  12:22  Infestation Pit  
  174  12:43  Mutalisk x6  
  174  12:44  Mutalisk x4  
  164  12:56  Zergling x32  
  179  13:02  Hive  
  179  13:03  Mutalisk x4  
  186  13:23  Overseer, Baneling x5  
  186  13:24  Baneling  
  186  13:25  Baneling x16  
  186  13:31  Overseer  
  173  13:44  Zergling x2  
  173  13:45  Zergling x36  
  189  13:50  Baneling x9  
  189  13:55  Mutalisk x2  
  187  14:03  Overlord x3  
  187  14:06  Overseer x3  
  171  14:20  Overlord, Ultralisk Cavern  
  171  14:21  Overlord x2  
  144  14:36  Mutalisk x7  
  127  14:46  Mutalisk x4  
  127  14:50  Mutalisk  
  111  14:53  Mutalisk x2  
  111  14:55  Mutalisk  
  114  15:06  Mutalisk x3  
  112  15:14  Mutalisk x2  
  110  15:33  Mutalisk x4  
  114  15:57  Baneling x3  
  97  16:07  Zergling x2  
  97  16:08  Zergling x24  
  108  16:20  Baneling  
  108  16:21  Baneling  
  100  16:39  Hatchery  
  94  16:56  Drone  
  95  17:02  Mutalisk x7  
  107  17:22  Baneling x3  
  107  17:25  Baneling x8  
  107  17:27  Drone  
  107  17:28  Drone x6  
  104  17:56  Mutalisk x4  
  107  18:00  Zergling x12  
  107  18:01  Zergling x2  
  107  18:03  Zergling x4  
  111  18:27  Mutalisk  
  111  18:28  Mutalisk x3  
  117  18:38  Drone x11  
  128  18:52  Baneling  
  128  18:53  Baneling x6  
  122  19:02  Ultralisk Cavern  
  121  19:08  Hatchery  
  118  19:25  Zergling x10  
  118  19:26  Zergling x20  
  118  19:29  Extractor  
  130  19:50  Chitinous Plating  
  126  19:59  Ultralisk x2  
  138  20:01  Zergling x20  
  138  20:02  Overseer x2  
  148  20:09  Overseer  
  148  20:10  Overseer  
  148  20:18  Baneling  
  148  20:19  Baneling x2  
  147  20:21  Baneling x2  
  147  20:22  Baneling  
  141  20:47  Drone, Ultralisk  
  141  20:48  Overlord  
  147  20:51  Drone x5  
  147  20:52  Zergling x16  
  147  20:53  Zergling x8  
  164  21:09  Overseer x4  
  159  21:12  Baneling x15  
  159  21:19  Zergling x18  
  160  21:43  Overlord x4  
  150  22:04  Hatchery  
  156  22:17  Baneling x10  
  148  22:25  Hatchery  
  148  22:27  Hatchery  
  88  22:45  Zergling x12  
  92  23:12  Baneling x9  
  92  23:24  Mutalisk x3  
  96  23:45  Viper x2  
  102  24:01  Mutalisk x2  
  106  24:03  Zergling x18  
  115  24:14  Zergling x2  
  115  24:15  Zergling x12  
  115  24:17  Zergling x2  
  123  24:18  Overseer  
  123  24:19  Overseer  
  123  24:31  Baneling x7  
  123  24:37  Extractor  
  122  25:01  Ultralisk  
  128  25:11  Hatchery  
  128  25:13  Hatchery  
  126  25:20  Ultralisk  
  131  25:31  Overlord  
  131  25:32  Overlord x2  
  131  25:42  Overlord x2  
  129  26:01  Hatchery  
  128  26:07  Ultralisk x2  
  140  26:12  Queen  
  142  26:21  Overseer x2  
  142  26:34  Ultralisk  
  148  26:41  Ultralisk  
  148  26:46  Overseer  
  154  26:52  Evolution Chamber  
  137  27:10  Ultralisk  
  143  27:20  Zergling x2, Ultralisk  
  143  27:21  Zergling x16  
  135  27:58  Zergling x4, Ultralisk x2  
  137  28:06  Zergling x26  
  150  28:20  Zerg Melee Weapons Level 3  
  150  28:36  Baneling x5  
  150  28:46  Hatchery, Zergling x20  
  159  28:50  Extractor  
  159  28:51  Extractor  
  155  28:58  Baneling x7  
  155  29:04  Overseer  
  155  29:20  Drone x2  
  155  29:22  Drone  
  157  29:27  Drone x3  
  159  29:51  Ultralisk  
  159  29:52  Overlord x2  
  165  29:53  Drone x3  
  165  29:56  Overlord x2  
  165  29:57  Overseer x2, Overlord  
  156  30:23  Zergling x2  
  156  30:24  Zergling x40  
  176  30:31  Zerg Flyer Weapons Level 3  
  170  30:52  Drone x2  
  172  30:57  Zerg Ground Armor Level 1  
  172  31:09  Extractor  
  172  31:10  Adrenal Glands  
  172  31:11  Extractor, Anabolic Synthesis  
  163  31:29  Mutalisk x2  
  163  31:30  Mutalisk x2  
  163  31:32  Zergling x46  
  187  31:33  Zergling x2  
  187  31:39  Baneling x4  
  192  31:45  Drone x8  
  186  31:49  Overseer  
  186  31:53  Overseer  
  184  32:06  Drone x2  
  183  32:17  Hatchery  
  182  32:37  Ultralisk  
  188  32:44  Baneling  
  188  32:45  Baneling x13  
  188  32:57  Zergling x18  
  197  33:09  Overseer  
  197  33:10  Drone x2  
Show
View Real Time Build Order
Export as new Build Order

GOStephano Zerg 

Build Orders: Hatch First, Lurkers, Roach Hydra 

Get SALT Encoding   

  12  0:00  Drone  
  13  0:13  Overlord  
  13  0:17  Drone  
  14  0:31  Drone x2  
  16  0:47  Hatchery  
  15  0:51  Drone  
  15  0:54  Drone  
  17  0:57  Drone  
  18  1:08  Extractor  
  17  1:13  Spawning Pool  
  17  1:15  Drone  
  17  1:19  Drone  
  18  1:28  Drone  
  19  1:39  Drone  
  20  1:50  Drone  
  21  1:59  Queen x2, Drone  
  21  2:00  Overlord  
  26  2:09  Drone  
  26  2:11  Drone, Metabolic Boost  
  28  2:23  Zergling x2  
  28  2:24  Drone  
  30  2:30  Hatchery  
  30  2:33  Drone  
  30  2:40  Queen  
  30  2:44  Overlord  
  32  2:48  Drone  
  33  2:52  Drone  
  33  2:57  Baneling Nest  
  33  2:58  Zergling x2  
  33  2:59  Zergling x2  
  33  3:05  Drone  
  36  3:07  Drone x3  
  36  3:11  Overlord  
  39  3:14  Drone  
  39  3:16  Drone  
  41  3:22  Overlord  
  41  3:23  Zergling x2  
  42  3:32  Drone x2  
  44  3:35  Drone  
  44  3:38  Drone  
  44  3:40  Overlord  
  44  3:41  Extractor  
  45  3:42  Baneling x2  
  45  3:43  Drone x2, Evolution Chamber  
  45  3:48  Drone  
  47  3:53  Drone x2  
  48  3:59  Extractor  
  48  4:01  Overlord  
  47  4:04  Drone x2  
  47  4:09  Drone  
  50  4:12  Zerg Missile Weapons Level 1  
  50  4:13  Drone x3  
  50  4:16  Drone x2  
  55  4:19  Drone  
  55  4:21  Drone x3  
  55  4:23  Drone x3  
  62  4:26  Drone  
  62  4:31  Lair  
  53  4:39  Roach Warren  
  53  4:40  Baneling  
  53  4:41  Zergling x2  
  53  4:42  Zergling x2  
  53  4:44  Zergling x4  
  56  4:45  Baneling  
  56  4:47  Zergling x2  
  56  4:49  Zergling x2  
  58  4:56  Zergling x4  
  58  4:57  Drone x4  
  64  5:01  Drone x2  
  64  5:04  Drone x2  
  68  5:08  Drone  
  68  5:13  Drone x2  
  70  5:20  Drone x4  
  73  5:22  Drone  
  73  5:31  Drone x2  
  73  5:32  Queen  
  73  5:35  Drone  
  78  5:37  Extractor, Pneumatized Carapace  
  78  5:38  Overseer  
  78  5:42  Extractor  
  76  5:43  Extractor, Glial Reconstitution  
  76  5:49  Drone x6  
  81  5:52  Hatchery  
  81  5:55  Drone x2  
  82  6:00  Overlord  
  82  6:04  Overlord  
  82  6:06  Overlord  
  82  6:17  Overlord  
  81  6:19  Overlord  
  81  6:20  Overlord  
  81  6:23  Roach x3  
  81  6:24  Roach x4  
  93  6:29  Zerg Missile Weapons Level 2  
  93  6:31  Roach x2  
  93  6:32  Roach x4  
  105  6:33  Evolution Chamber  
  105  6:34  Baneling x3  
  105  6:36  Overlord, Roach  
  105  6:38  Baneling x3  
  106  6:42  Overlord  
  106  6:44  Overlord  
  106  6:45  Hydralisk Den  
  105  6:50  Queen x2  
  109  6:54  Overseer, Spore Crawler  
  109  6:55  Spore Crawler  
  109  6:56  Spore Crawler  
  109  6:57  Drone  
  104  7:08  Drone x6  
  104  7:15  Muscular Augments  
  109  7:19  Spine Crawler  
  109  7:22  Hydralisk x3, Spore Crawler  
  107  7:27  Lurker Den  
  107  7:29  Spore Crawler  
  111  7:31  Spore Crawler  
  111  7:32  Hydralisk, Spore Crawler  
  111  7:43  Hydralisk x4  
  115  7:45  Overlord  
  115  7:47  Overlord  
  115  7:50  Drone x2  
  117  7:51  Drone x2  
  117  7:54  Drone x2  
  117  7:58  Drone x2  
  123  8:03  Drone x5  
  114  8:08  Queen  
  114  8:11  Hydralisk x2  
  104  8:16  Extractor  
  104  8:18  Extractor  
  102  8:21  Roach  
  102  8:22  Roach x4  
  102  8:26  Grooved Spines  
  102  8:27  Zerg Ground Armor Level 1  
  112  8:28  Roach x2  
  115  8:37  Roach x5, Spore Crawler  
  124  8:46  Roach x6  
  136  8:51  Spore Crawler  
  133  8:55  Spore Crawler  
  133  9:00  Lurker  
  133  9:02  Drone x2  
  135  9:06  Hydralisk x3  
  135  9:07  Hydralisk x2  
  135  9:08  Infestation Pit  
  144  9:13  Hydralisk  
  144  9:14  Hydralisk x4  
  154  9:23  Drone x9  
  159  9:32  Spore Crawler  
  159  9:34  Hydralisk x4  
  159  9:37  Overlord  
  160  9:39  Hydralisk x4  
  160  9:41  Overlord  
  160  9:43  Hydralisk x2  
  152  9:50  Hydralisk x3  
  158  9:57  Lurker x3  
  158  9:58  Hydralisk, Lurker  
  164  10:02  Spore Crawler  
  164  10:04  Hydralisk  
  164  10:05  Hydralisk x3  
  159  10:07  Hydralisk  
  159  10:09  Lurker  
  159  10:12  Hydralisk x2  
  166  10:18  Roach  
  166  10:20  Overlord x3  
  168  10:29  Hive  
  167  10:39  Drone x6  
  160  10:43  Hydralisk x6  
  160  10:48  Spore Crawler  
  167  10:51  Hydralisk x2  
  171  11:02  Hydralisk x4  
  173  11:13  Spore Crawler x3  
  173  11:17  Lurker x2  
  172  11:22  Extractor  
  172  11:24  Extractor  
  170  11:27  Hydralisk x2  
  174  11:37  Spore Crawler  
  174  11:38  Spore Crawler x2  
  169  11:41  Roach x7  
  183  11:50  Adaptive Talons  
  183  12:08  Spore Crawler  
  179  12:10  Lurker  
  179  12:11  Lurker  
  179  12:14  Spore Crawler  
  179  12:15  Zerg Missile Weapons Level 3  
  180  12:22  Drone x2  
  182  12:23  Drone x3  
  184  12:32  Zerg Ground Armor Level 2  
  184  12:33  Overlord, Hydralisk x2  
  172  12:46  Roach x9  
  190  12:56  Lurker  
  191  12:58  Drone x3  
  191  12:59  Drone x3  
  191  13:00  Drone  
  192  13:13  Lurker  
  192  13:14  Lurker x2  
  195  13:20  Drone  
  195  13:21  Drone x3, Spore Crawler  
  195  13:23  Spore Crawler  
  197  13:37  Hydralisk  
  199  14:00  Overlord  
  199  14:01  Overlord  
  192  14:24  Roach x4  
  164  14:33  Hydralisk x9  
  164  14:37  Hydralisk x2  
  150  14:52  Spawning Pool  
  137  15:25  Overlord  
  134  15:41  Lair  
  134  15:46  Queen, Drone x6  
  115  16:22  Queen  
  97  16:37  Drone x8  
  97  16:44  Drone, Hatchery  
  93  16:52  Hydralisk Den  
  82  17:06  Roach Warren  
  81  17:16  Spore Crawler  
  81  17:18  Spore Crawler  
  81  17:20  Hydralisk x8  
  96  17:27  Lurker Den  
  96  17:29  Hydralisk x2  
  95  17:35  Queen x2  
  95  17:37  Hydralisk x2  
  106  17:50  Hydralisk x5  
  109  17:55  Hydralisk x3  
  109  17:56  Hydralisk  
  115  18:05  Hydralisk x2  
  119  18:15  Spore Crawler  
  119  18:19  Hydralisk x3  
  117  18:20  Hydralisk x3  
  117  18:26  Hydralisk  
  125  18:47  Overseer  
  123  18:56  Lurker x2  
  123  18:57  Hydralisk x6  
  137  19:16  Drone x3  
  137  19:17  Drone x4  
  138  19:32  Overlord  
  138  19:34  Overlord  
  138  19:35  Overlord  
  136  19:38  Overlord  
  136  19:41  Overlord  
  133  19:54  Lurker  
  133  19:55  Hydralisk x2, Lurker x2  
  140  20:09  Hydralisk  
  140  20:10  Hydralisk x2  
  146  20:32  Hydralisk x4  
  153  20:49  Overseer x2  
  152  21:06  Hydralisk  
  151  21:47  Hydralisk  
  151  21:48  Hydralisk x3  
  151  21:49  Overlord x2  
  156  22:14  Hydralisk  
  156  22:15  Hydralisk  
  111  22:38  Hydralisk x4  
  73  22:44  Hydralisk  
  73  22:46  Queen x3  
  81  22:51  Hydralisk  
  83  22:59  Hydralisk  
  83  23:04  Hydralisk  
  83  23:05  Zergling x2  
  88  23:08  Hydralisk  
  89  23:21  Queen x3, Hydralisk  
  89  23:26  Hydralisk  
  99  23:45  Hydralisk x2  
  103  23:57  Queen  
  105  24:15  Hatchery  
  104  24:17  Lurker  
  104  24:21  Extractor  
  104  24:24  Drone  
  104  24:25  Roach Warren  
  104  24:37  Extractor  
  103  24:40  Drone x3  
  103  24:42  Drone x2  
  103  24:43  Drone  
  109  24:54  Lurker  
  109  24:55  Lurker x2  
  111  25:27  Drone x10  
  120  25:42  Spore Crawler  
  120  25:43  Spore Crawler  
  118  26:10  Hydralisk x4  
  126  26:30  Roach x5  
  136  26:38  Roach x2  
  140  26:48  Roach x2  
  142  27:05  Roach x5  
  151  27:08  Extractor  
  151  27:09  Extractor  
  151  27:11  Roach  
  151  27:21  Roach x2  
  143  27:34  Overlord x2  
  123  27:54  Roach x6  
  120  28:01  Roach  
  122  28:06  Lurker Den  
  121  28:17  Drone x3  
  124  28:31  Drone x2  
  124  28:32  Drone x3  
  129  28:46  Drone  
  130  29:05  Roach x2  
  130  29:06  Overlord x3, Roach x2  
  138  29:28  Evolution Chamber x2  
  136  29:37  Lurker x8  
  144  29:53  Burrow  
  138  30:18  Roach Warren  
  119  30:45  Hydralisk x4  
  125  30:53  Queen x9  
  125  30:54  Lurker  
  126  31:15  Roach  
  126  31:16  Roach x8  
  115  31:47  Overlord  
  115  31:52  Spawning Pool  
  95  32:15  Lurker x4  
  99  32:44  Lair  
  99  32:58  Hatchery  
  98  33:27  Roach Warren  
Tags
 
Add a new tag
Caveats
  • Supply blocks, unpowered buildings, or Contaminate may cause inaccurate times.
  • Supply counts are checked every 10 seconds.